[Event "*** Titled Tuesday Blitz"]
[Site "Chess.com"]
[Date "2020.05.05"]
[Round "7"]
[White "MPGM"]
[Black "MikaelyanArman"]
[Result "1-0"]
[WhiteElo "2532"]
[BlackElo "2730"]
[TimeControl "180+1"]
[EndTime "11:18:00 PDT"]
[Termination "MPGM won on time"]

1. d4 d5 2. Bg5 h6 3. Bh4 Bf5 4. Nd2 Nd7 5. e3 Ngf6 6. Bd3 Bxd3 7. cxd3 e6 8. Ngf3 Be7 9. O-O O-O 10. Rc1 c6 11. Ne5 Nxe5 12. dxe5 Nd7 13. Bxe7 Qxe7 14. d4 f6 15. exf6 Rxf6 16. b4 Raf8 17. f4 Qxb4 18. Rb1 Qa3 19. Rb3 Qa6 20. Qc2 e5 21. dxe5 Nxe5 22. Rfb1 Ng6 23. Rxb7 d4 24. Ne4 Rf5 25. Ng3 R5f6 26. Nh5 R8f7 27. Rxf7 Kxf7 28. Nxf6 Kxf6 29. exd4 Nxf4 30. Rf1 Kg5 31. Qd2 1-0

[Event "*** Titled Tuesday Blitz"]
[Site "Chess.com"]
[Date "2020.05.05"]
[Round "7"]
[White "Malysch"]
[Black "Undisputed92"]
[Result "1/2-1/2"]
[WhiteElo "2421"]
[BlackElo "2577"]
[TimeControl "180+1"]
[EndTime "11:18:00 PDT"]
[Termination "Game drawn by agreement"]

1. d4 Nf6 2. c4 e6 3. g3 Bb4+ 4.
Nd2 O-O 5. Bg2 d5 6. Nf3 dxc4 7. Qc2 b5 8. a4 bxa4 9. O-O a5 10. Nxc4 Bb7 11. Rd1 Nbd7 12. Bd2 Nb6 13. Bxb4 axb4 14. Nxb6 Be4 15. Qc5 cxb6 16. Qxb4 Nd5 17. Qb5 Qe8 18. Qxe8 Rfxe8 19. Ne5 Bxg2 20. Kxg2 Rec8 21. Rdc1 b5 22.
Kf3 h5 23. Ke4 g5 24. Rc5 Rxc5 25. dxc5 b4 26. Kd4 a3 27. bxa3 bxa3 28. c6 a2 29. e4 Nc7 30. Kc5 Ra4 31. Kb6 Ne8 32. c7 Nxc7 33. Kxc7 Rxe4 34. Nd7 Re2 35. f4 1/2-1/2

[Event "*** Titled Tuesday Blitz"]
[Site "Chess.com"]
[Date "2020.05.05"]
[Round "7"]
[White "Korona_91"]
[Black "Bigfish1995"]
[Result "0-1"]
[WhiteElo "2463"]
[BlackElo "3086"]
[TimeControl "180+1"]
[EndTime "11:18:01 PDT"]
[Termination "Bigfish1995 won by resignation"]

1. e4 c5 2. Nf3 d6 3. Bb5+ Nd7 4. a4 Nf6 5. Nc3 g6 6. d4 cxd4 7. Nxd4 Bg7 8. O-O O-O 9. Qe2 Nc5 10. a5 Nfxe4 11. Nxe4 Bxd4 12. Nxc5 dxc5 13. Bh6 Bxb2 14. Rad1 Qxa5 15. Bxf8 Kxf8 16. Bc4 Bf6 17. Qf3 Qc7 18.
Qe3 Kg7 19. Qb3 e6 20. h3 b6 21. Be2 Bb7 22. Bf3 Bxf3 23. Qxf3 Rc8 24. c4 Bd4 25. Qa3 Rd8 26. Rd3 Rd7 27. Rf3 Qe5 28. g3 Qe4 29. Kg2 h5 30. Qc1 f5 31. Re1 Qc6 32. Qf4 Bf6 33.
Kg1 e5 34. Qe3 e4 35. Rf4 Be5 36. Rh4 Bf6 37. Rf4 Bg5 38. Qc3+ Qf6 39. Qa3 Bxf4 40. gxf4 Qd6 41. Qa4 h4 42. Qa1+ Qd4 43. Qa4 Qd2 44. Ra1 Rf7 45. Qe8 Qxf4 46. Rd1 Qg5+ 47. Kh1 Qe7 48.
Qb8 e3 49. fxe3 Qe4+ 50. Kh2 Qxe3 51. Rg1 Re7 52. Qd8 Qe5+ 53. Kh1 Qf6 54. Qb8 Qc6+ 55. Rg2 Re2 56. Qxa7+ Kh6 0-1

[Event "*** Titled Tuesday Blitz"]
[Site "Chess.com"]
[Date "2020.05.05"]
[Round "7"]
[White "Konovalova_Vera"]
[Black "BikingBrian"]
[Result "0-1"]
[WhiteElo "2092"]
[BlackElo "2275"]
[TimeControl "180+1"]
[EndTime "11:18:01 PDT"]
[Termination "BikingBrian won by resignation"]

1. d4 Nf6 2. Nf3 g6 3. e3 Bg7 4. Bd3 O-O 5. b3 a5 6. a4 d6 7. Bb2 c5 8. Nbd2 cxd4 9. exd4 Nc6 10. O-O Nb4 11. Bb5 Bd7 12. Bxd7 Nxd7 13. Rc1 Rc8 14. Nc4 Nb6 15. Nxa5 Nxa4 16. bxa4 Qxa5 17. Qd2 Nc6 18. Bc3 Qxa4 19. Rb1 b5 20. Qd3 Qc4 21. Qxc4 bxc4 22. Rb7 Rb8 23. Rfb1 Rxb7 24. Rxb7 Rb8 25. Rxb8+ Nxb8 26.
Nd2 d5 27. Nf3 Nc6 28. Kf1 Kf8 29. Ke2 Ke8 30. Ne5 Bxe5 31. dxe5 d4 32. Ba1 Kd7 33. f4 Ke6 34. c3 d3+ 35. Ke3 Kd5 36. Bb2 Na5 37.
Ba3 e6 38. Be7 Nb3 39. Bg5 Nc1 40. Kd2 Ne2 41. Bh6 Ke4 42. Bg5 Nxf4 43. Bxf4 Kxf4 0-1

[Event "*** Titled Tuesday Blitz"]
[Site "Chess.com"]
[Date "2020.05.05"]
[Round "7"]
[White "PlayChessSimple"]
[Black "jguerramzllo"]
[Result "1-0"]
[WhiteElo "2492"]
[BlackElo "2603"]
[TimeControl "180+1"]
[EndTime "11:18:03 PDT"]
[Termination "PlayChessSimple won on time"]

1. e4 e5 2. Nf3 Nc6 3. Nc3 Nf6 4. Bb5 Bd6 5. d3 O-O 6. Ba4 Re8 7. g4 a6 8. g5 Nh5 9. Nxe5 Bxe5 10. Qxh5 Bxc3+ 11. bxc3 d5 12. Bb3 g6 13. Qh6 Be6 14. Bb2 Ne5 15. O-O-O c5 16. exd5 Bxd5 17. Bxd5 Qxd5 18. c4 Qf3 19.
Rhe1 Qf4+ 20. Kb1 f6 21. Re4 Qf3 22. Rde1 Qxf2 23. gxf6 Kf7 24. Qg7+ 1-0

[Event "*** Titled Tuesday Blitz"]
[Site "Chess.com"]
[Date "2020.05.05"]
[Round "7"]
[White "MarcoCorvi"]
[Black "MFguimaraes"]
[Result "0-1"]
[WhiteElo "2241"]
[BlackElo "2412"]
[TimeControl "180+1"]
[EndTime "11:18:03 PDT"]
[Termination "MFguimaraes won by resignation"]

1. c4 c6 2. Nf3 d5 3. e3 Nf6 4. Nc3 a6 5. Qc2 g6 6. Be2 Bg7 7. O-O O-O 8. h3 Bf5 9. Qb3 b5 10. cxd5 cxd5 11. Nd4 Bd7 12. f4 Nc6 13. Nxc6 Bxc6 14. Bf3 Ne4 15. d4 e6 16. Bxe4 dxe4 17. Bd2 Bd5 18. Qd1 Bc4 19. Rf2 Bd3 20. Be1 Bf6 21.
Rd2 Rc8 22. a3 Qb6 23. Bf2 Rc4 24. g4 Rfc8 25. h4 a5 26. Kh2 b4 27. Na4 Qd8 28.
g5 Be7 29. h5 Bc2 30. Rxc2 Rxc2 31. Kg3 Bxg5 32. Nc5 Bh4+ 33. Kg4 Rxf2 34. hxg6 hxg6 35. Qh1 f5+ 36. Kh3 Rf3+ 37. Kg2 Rxc5 0-1

[Event "*** Titled Tuesday Blitz"]
[Site "Chess.com"]
[Date "2020.05.05"]
[Round "7"]
[White "LizaSolovyova"]
[Black "SharapovEvgeny"]
[Result "1/2-1/2"]
[WhiteElo "2553"]
[BlackElo "2378"]
[TimeControl "180+1"]
[EndTime "11:18:04 PDT"]
[Termination "Game drawn by repetition"]

1. d4 d5 2. e3 Nf6 3. Bd3 c5 4. c3 Nc6 5. f4 cxd4 6. exd4 g6 7.
Nf3 Bf5 8. O-O Bxd3 9. Qxd3 Bg7 10. Nbd2 e6 11. Ne5 O-O 12. b3 Rc8 13. Ba3 Re8 14. Bb2 Ne7 15. Rad1 Nf5 16. c4 Nd6 17. c5 Nde4 18. b4 Nxd2 19. Rxd2 Ne4 20. Rc2 f6 21. Nf3 f5 22. a4 a6 23. b5 axb5 24. axb5 Qa5 25.
Ra1 Qb4 26. Ra3 Ra8 27. Rb3 Qa4 28. c6 bxc6 29. bxc6 Rec8 30. c7 Bf8 31. Qb5 Qxb5 32. Rxb5 Bd6 33. Rb7 Kf7 34. Ne5+ Bxe5 35. dxe5 Ke7 36.
Rc6 Kd7 37. Rc1 Ra6 38. h3 Rc6 39. Rxc6 Kxc6 40. Ra7 Rxc7 41. Ra6+ Kd7 42. Ba3 d4 43. Ra4 d3 44. Rd4+ Kc6 45. Rxd3 Rd7 46. Rb3 Rb7 47. Rd3 Rd7 48. Rb3 Rb7 49. Rd3 Rd7 1/2-1/2

[Event "*** Titled Tuesday Blitz"]
[Site "Chess.com"]
[Date "2020.05.05"]
[Round "7"]
[White "Keks2017"]
[Black "Yuri202062"]
[Result "1/2-1/2"]
[WhiteElo "2394"]
[BlackElo "2541"]
[TimeControl "180+1"]
[EndTime "11:18:04 PDT"]
[Termination "Game drawn by repetition"]

1. e4 c5 2. d3 Nc6 3. g3 d5 4.
Nd2 e6 5. Bg2 Nf6 6. Ngf3 Be7 7.
O-O O-O 8. Re1 b5 9. e5 Nd7 10. Nf1 a5 11. h4 h6 12. h5 Ba6 13. g4 b4 14. Bf4 a4 15. a3 Rb8 16. Ng3 Nd4 17. Nxd4 cxd4 18. Ne2 bxa3 19. bxa3 Qb6 20. Bg3 Rfc8 21. f4 Qc5 22. Ra2 Qb6 23. f5 Bg5 24.
Bf4 exf5 25. gxf5 Re8 26. Qd2 Nxe5 27. Bxg5 hxg5 28. Qxg5 Bb7 29. f6 Qxf6 30. Qxf6 gxf6 31. Nxd4 Ng4 32. Rxe8+ Rxe8 33. Rb2 Re1+ 34. Bf1 Re7 35. Bh3 Ne3 36. Rb6 Kg7 37. Kf2 Nd1+ 38. Kf1 Ne3+ 39.
Kf2 Nd1+ 40. Kf1 Ne3+ 41. Kf2 1/2-1/2

[Event "*** Titled Tuesday Blitz"]
[Site "Chess.com"]
[Date "2020.05.05"]
[Round "7"]
[White "Parhamov"]
[Black "mishikomchedlishvili"]
[Result "1-0"]
[WhiteElo "3020"]
[BlackElo "2847"]
[TimeControl "180+1"]
[EndTime "11:18:05 PDT"]
[Termination "Parhamov won by resignation"]

1. e4 c5 2. Nf3 d6 3. d4 cxd4 4. Nxd4 Nf6 5. Nc3 e6 6. g4 h6 7. h4 Nc6 8. Nxc6 bxc6 9. Bg2 Nd7 10. f4 d5 11. Be3 Rb8 12. Rb1 Be7 13. g5 hxg5 14.
fxg5 Qa5 15. exd5 cxd5 16. Qd2 Ne5 17. Qd4 Nc4 18. Qxg7 Rf8 19. Bd4 Ba6 20. O-O Nd2 21. Nxd5 exd5 22. Rfe1 Rb7 23. Rbd1 Ne4 24. Qe5 Qb5 25. c4 Qxc4 26. Rc1 1-0

[Event "*** Titled Tuesday Blitz"]
[Site "Chess.com"]
[Date "2020.05.05"]
[Round "7"]
[White "TargetA"]
[Black "Shota_Azaladze"]
[Result "0-1"]
[WhiteElo "2540"]
[BlackElo "2701"]
[TimeControl "180+1"]
[EndTime "11:18:06 PDT"]
[Termination "Shota_Azaladze won on time"]

1. e4 g6 2. d4 Bg7 3. Nc3 c6 4. f4 d5 5. e5 Nh6 6. Nf3 f6 7. Bd3 Bg4 8. O-O O-O 9. h3 Bxf3 10. Rxf3 fxe5 11. fxe5 Nd7 12. Be3 Qb6 13. Na4 Qa5 14. c3 Rxf3 15. gxf3 Rf8 16. b4 Qc7 17. Nc5 Nxc5 18.
bxc5 b6 19. cxb6 axb6 20. a4 e6 21. c4 Nf5 22. Bf2 Qe7 23. cxd5 cxd5 24. Kh1 Bh6 25. Qg1 Nh4 26. Bxh4 Qxh4 27. Qg4 Qxg4 28. fxg4 Rf4 29. Bb5 Rxd4 30. Rf1 Bf4 31. Kg2 Kf7 32. Ra1 Bxe5 33.
Rf1+ Ke7 34. Rc1 Rd2+ 35. Kf3 g5 36. Rc8 Bf4 37. Re8+ Kd6 38. Rh8 e5 39. Rd8+ Kc5 40.
Rc8+ Kb4 41. Bd3 Rxd3+ 42. Ke2 Rd2+ 43. Ke1 Kxa4 44. Rc7 e4 45. Rxh7 d4 46. h4 e3 47. Rf7 Bg3+ 48. Kf1 e2+ 0-1

[Event "*** Titled Tuesday Blitz"]
[Site "Chess.com"]
[Date "2020.05.05"]
[Round "7"]
[White "BaMBoMaTTo"]
[Black "Trankuilizer"]
[Result "0-1"]
[WhiteElo "2660"]
[BlackElo "2544"]
[TimeControl "180+1"]
[EndTime "11:18:06 PDT"]
[Termination "Trankuilizer won by resignation"]

1. c4 Nf6 2. Nc3 g6 3. e4 d6 4. d4 Bg7 5. f3 O-O 6. Nge2 c5 7. d5 e5 8. g4 h5 9. h3 Nh7 10. Be3 h4 11. Qd2 Bf6 12. f4 exf4 13. Nxf4 Nd7 14.
O-O-O Ne5 15. Be2 a6 16. Rdf1 Bd7 17. Rhg1 b5 18. g5 Bg7 19. Ng2 Nxc4 20. Bxc4 bxc4 21. Nxh4 Qe7 22. Nf5 gxf5 23. exf5 f6 24. g6 Ng5 25. h4 Ne4 26. Nxe4 Qxe4 27. Rf4 Qe5 28. h5 Rfe8 29. Rf3 Qe4 30. Rgf1 c3 31. Qxc3 Bb5 32. h6 Bxf1 33. hxg7 Qxf3 34. Bh6 Qxc3+ 0-1

[Event "*** Titled Tuesday Blitz"]
[Site "Chess.com"]
[Date "2020.05.05"]
[Round "7"]
[White "AlanZhang"]
[Black "mamonika"]
[Result "1-0"]
[WhiteElo "2175"]
[BlackElo "1968"]
[TimeControl "180+1"]
[EndTime "11:18:06 PDT"]
[Termination "AlanZhang won by resignation"]

1. e4 c5 2. Nf3 e6 3. d4 cxd4 4. Nxd4 Nc6 5. Nb3 Nf6 6. Bd3 Bb4+ 7. Bd2 O-O 8. O-O Bxd2 9. N1xd2 d5 10. f4 Qb6+ 11.
Kh1 dxe4 12. Nxe4 Nd5 13. Qf3 Nd4 14. Qh3 h6 15. Nxd4 Qxd4 16. c3 Qe3 17. Rf3 Qb6 18.
Raf1 Qxb2 19. Rg3 f5 20. Qxh6 Rf7 21. Nd6 Re7 22. Qg6 Qxc3 23. Bxf5 exf5 24. Rxc3 Re6 25. Qf7+ Kh7 26. Rxc8 Rxc8 27. Qxe6 Rc6 28. Qxd5 1-0

[Event "*** Titled Tuesday Blitz"]
[Site "Chess.com"]
[Date "2020.05.05"]
[Round "7"]
[White "CMS13"]
[Black "eightbyeightchess"]
[Result "0-1"]
[WhiteElo "2183"]
[BlackElo "2408"]
[TimeControl "180+1"]
[EndTime "11:18:07 PDT"]
[Termination "eightbyeightchess won by checkmate"]

1. e4 e6 2. d4 d5 3. Nc3 Nf6 4. e5 Nfd7 5. f4 c5 6. Nf3 Nc6 7. Be3 cxd4 8. Nxd4 Bc5 9. Qd2 a6 10. O-O-O O-O 11. h4 Bxd4 12. Bxd4 b5 13. h5 b4 14. Na4 Nxd4 15. Qxd4 Qa5 16. b3 Bb7 17. Bd3 Bc6 18. Kb1 Bxa4 19. bxa4 Qc5 20. Qxc5 Nxc5 21. f5 Nxa4 22.
Ka1 exf5 23. Bxf5 Rfe8 24. Rxd5 Nc3 25. Rc5 Rad8 26. Bd3 Rd5 27. Rxd5 Nxd5 28. Re1 a5 29. g3 h6 30. Kb2 Nf6 31. Bb5 Re7 32. Bd3 Nxh5 33. g4 Nf6 34. Re3 Nxg4 35. Rg3 Nxe5 36. Bb5 g5 37. Bf1 f5 38. Rh3 Kg7 39. a4 g4 40. Rh2 f4 41. c4 bxc3+ 42. Kxc3 g3 43. Rg2 h5 44. Kd4 Nf3+ 45. Kc5 h4 46. Kb5 h3 47.
Rxg3+ fxg3 48. Bxh3 Ng5 49. Bg2 Re2 50. Kxa5 Rxg2 51.
Kb6 Rb2+ 52. Ka7 g2 53. a5 g1=Q+ 54. Ka8 Qa1 55. a6 Qxa6# 0-1

[Event "*** Titled Tuesday Blitz"]
[Site "Chess.com"]
[Date "2020.05.05"]
[Round "7"]
[White "Aradej"]
[Black "yarosavich"]
[Result "0-1"]
[WhiteElo "2543"]
[BlackElo "2715"]
[TimeControl "180+1"]
[EndTime "11:18:08 PDT"]
[Termination "yarosavich won by resignation"]

1. e4 e5 2. Nf3 Nc6 3. Bc4 Nf6 4. d3 Be7 5. O-O O-O 6. Bb3 d6 7. c3 Na5 8. Bc2 c5 9. Nbd2 Nc6 10. Re1 Re8 11.
Nf1 h6 12. Ng3 Bf8 13. h3 d5 14. exd5 Nxd5 15. Ba4 Bd6 16. Ne4 Bf5 17. Nfd2 Bf8 18. Qf3 Bg6 19. Bb3 Nf4 20. Bc2 Qd7 21. Nf1 Ne6 22.
Nfg3 Kh8 23. Be3 Be7 24. Rad1 a6 25. Bc1 Rf8 26. Nf5 Bd8 27. Neg3 Bg5 28. h4 Bxc1 29. Rxc1 f6 30. Rcd1 Rad8 31. Qg4 Bh7 32. Bb3 Nf4 33. d4 h5 34. Qxg7+ Qxg7 35. Nxg7 Kxg7 36. dxc5 Bg6 37.
Nf1 Nd3 38. Re2 Nxc5 39. Red2 Rxd2 40. Rxd2 Rd8 41. Rxd8 Nxd8 42. Bd1 Nc6 43. Ng3 Kh6 44. Kf1 f5 45. Ke1 f4 46. Ne2 Nd3+ 0-1

[Event "*** Titled Tuesday Blitz"]
[Site "Chess.com"]
[Date "2020.05.05"]
[Round "7"]
[White "awesomevishesh"]
[Black "SaySpade4VIP"]
[Result "0-1"]
[WhiteElo "2471"]
[BlackElo "2625"]
[TimeControl "180+1"]
[EndTime "11:18:08 PDT"]
[Termination "SaySpade4VIP won on time"]

1. d4 d5 2. c4 dxc4 3. Nf3 Nf6 4. e3 b5 5. a4 b4 6. Bxc4 e6 7. O-O Be7 8. b3 O-O 9. Bb2 Bb7 10. Nbd2 Nbd7 11.
a5 c5 12. Qe2 Rc8 13. Rfd1 Qc7 14. dxc5 Nxc5 15. a6 Ba8 16. Be5 Qc6 17. Bb5 Qb6 18. Nd4 Nce4 19. Nc4 Qc5 20. Rdc1 Nc3 21. Rxc3 bxc3 22.
f3 Bd5 23. Bg3 Rfd8 24. Rc1 Qa3 25. Rc2 Bxc4 26. Bxc4 Nd5 27. Be1 Bf6 28. Nb5 Qa1 29. Nxa7 Nb4 30. Nxc8 Nxc2 31. a7 Nxe1 32. Kf2 Rxc8 33.
Qxe1 Qxa7 0-1

[Event "*** Titled Tuesday Blitz"]
[Site "Chess.com"]
[Date "2020.05.05"]
[Round "7"]
[White "albi1999"]
[Black "mishanick"]
[Result "1-0"]
[WhiteElo "2618"]
[BlackElo "2915"]
[TimeControl "180+1"]
[EndTime "11:18:10 PDT"]
[Termination "albi1999 won by resignation"]

1. d4 Nf6 2. c4 e6 3. Nf3 d5 4. g3 Bb4+ 5. Bd2 Be7 6. Bg2 O-O 7.
Qc2 c6 8. O-O Nbd7 9. Rd1 b6 10.
b3 a5 11. Bc3 Ba6 12. Nbd2 Rc8 13. e4 Qc7 14. Bb2 Rfd8 15. Rac1 dxc4 16. Nxc4 c5 17. d5 exd5 18. exd5 Bd6 19. Bh3 Re8 20. Ng5 Bxc4 21. Bxd7 Re2 22. Qxc4 Rxb2 23. Bxc8 Qxc8 24. Rc2 b5 25.
Qe2 Rxc2 26. Qxc2 Qe8 27. Nf3 h6 28. a4 Bf8 29. axb5 Qxb5 30. Qc4 Qb6 31. Kg2 Ne8 32. Ne5 Nd6 33. Qa4 Ne4 34. Qxe4 Qxb3 35. Rd3 Qc2 36. d6 Bxd6 37. Re3 Qa2 38. Qc4 1-0

[Event "*** Titled Tuesday Blitz"]
[Site "Chess.com"]
[Date "2020.05.05"]
[Round "7"]
[White "garicradomir"]
[Black "Mizner"]
[Result "1-0"]
[WhiteElo "2379"]
[BlackElo "2504"]
[TimeControl "180+1"]
[EndTime "11:18:11 PDT"]
[Termination "garicradomir won on time"]

1. e4 e6 2. g3 d5 3. exd5 Qxd5 4. Nf3 c5 5. Bg2 Nc6 6. O-O Nf6 7. Nc3 Qd7 8. Ne2 b6 9. d4 Bb7 10. c4 Rd8 11.
Be3 cxd4 12. Nexd4 Ng4 13. Nxc6 Qxc6 14. Qe2 Nxe3 15.
Qxe3 Bc5 16. Qg5 O-O 17. Nh4 Qc7 18. Bxb7 Qxb7 19. Rad1 Rxd1 20. Rxd1 Qa6 21. a3 Qxc4 22. b4 Bd4 23. Nf3 Bf6 24. Qe3 Rc8 25. Kg2 Qc6 26. h3 h6 27. Rd3 a6 28. g4 b5 29.
h4 Rd8 30. g5 hxg5 31. hxg5 Be7 32. g6 f5 33. Rc3 Qd5 34. Rc7 Bf6 35. Rc5 Qb7 36.
Qxe6+ 1-0

[Event "*** Titled Tuesday Blitz"]
[Site "Chess.com"]
[Date "2020.05.05"]
[Round "7"]
[White "Hikaru"]
[Black "Durarbayli"]
[Result "0-1"]
[WhiteElo "3141"]
[BlackElo "2827"]
[TimeControl "180+1"]
[EndTime "11:18:12 PDT"]
[Termination "Durarbayli won by checkmate"]

1. Nf3 c5 2. b3 Nc6 3. Bb2 d5 4. e3 Bg4 5. Bb5 Qb6 6. a4 a6 7. a5 Qc7 8. Bxc6+ Qxc6 9. h3 Bh5 10. Nc3 f6 11. O-O e6 12. Ne2 Bxf3 13. gxf3 Bd6 14.
f4 Ne7 15. Ng3 h5 16. Qf3 O-O-O 17. c4 h4 18. Ne2 Bc7 19. d4 dxc4 20. Qxc6 Nxc6 21.
bxc4 Nxa5 22. Ra4 Nc6 23. Bc3 cxd4 24. exd4 Rh5 25. Rb1 Rf5 26. Kh1 g5 27. Kg2 Bxf4 28. d5 exd5 29. cxd5 Rdxd5 30. Nxf4 Rxf4 31. Rxf4 gxf4 32.
Bxf6 f3+ 33. Kf1 Rd6 34. Bg5 Rd5 35. Bf6 b5 36. Rb3 Rd1# 0-1

[Event "*** Titled Tuesday Blitz"]
[Site "Chess.com"]
[Date "2020.05.05"]
[Round "7"]
[White "AshotParvanyan"]
[Black "PetrolulSah"]
[Result "1-0"]
[WhiteElo "2482"]
[BlackElo "2262"]
[TimeControl "180+1"]
[EndTime "11:18:12 PDT"]
[Termination "AshotParvanyan won by resignation"]

1. Nf3 Nf6 2. c4 g6 3. g3 Bg7 4. Bg2 O-O 5. O-O d5 6. d4 dxc4 7. Na3 Na6 8. Nxc4 c5 9. dxc5 Be6 10. Nfe5 Nxc5 11. Be3 Rc8 12. Rc1 b6 13. Nc6 Qc7 14. Bf4 Qb7 15. b4 Rxc6 16. bxc5 bxc5 17. Na5 Qa6 18. Nxc6 Qxa2 19. Nxe7+ Kh8 20. Nc6 Ng4 21. h3 Nf6 22. Ne5 a5 23. Rxc5 a4 24. Ra5 a3 25.
Qa1 Qxa1 26. Rxa1 a2 27. R1xa2 Bxa2 28. Rxa2 Nh5 29. Nd3 Rd8 30. Kh2 Rc8 31. Ra8 Rxa8 32. Bxa8 Bd4 33. e3 Bb6 34. Be5+ f6 35. Bd4 Bc7 36. Kg2 Kg8 37. g4 Ng7 38. Bd5+ Kf8 39.
Bxf6 Ne8 40. Be5 Bd8 41. Bc6 Nf6 42. Bxf6 Bxf6 43. f4 1-0

[Event "*** Titled Tuesday Blitz"]
[Site "Chess.com"]
[Date "2020.05.05"]
[Round "7"]
[White "manuellarrea"]
[Black "larisakalinina"]
[Result "1-0"]
[WhiteElo "2198"]
[BlackElo "2030"]
[TimeControl "180+1"]
[EndTime "11:18:12 PDT"]
[Termination "manuellarrea won on time"]

1. e4 c5 2. Nf3 Nc6 3. d4 cxd4 4. Nxd4 Nf6 5. Nc3 d6 6. Bc4 Qb6 7. Nb3 e6 8. Be3 Qc7 9. Bd3 Be7 10. f4 O-O 11. Qf3 a6 12. O-O Bd7 13. Rae1 b5 14.
Qh3 b4 15. Nd1 e5 16. f5 d5 17. exd5 Nxd5 18. Bc1 a5 19. Be4 Nf6 20. Nd2 Bc5+ 21.
Kh1 Rad8 22. Bd3 Nd4 23. Ne4 Nxe4 24. Rxe4 Nxf5 25. Rxf5 Bxf5 26. Qxf5 f6 27. Rg4 g6 28. h4 Kh8 29. Qf3 f5 30. Rc4 Qe7 31. Bg5 Qe6 32.
Rxc5 1-0

[Event "*** Titled Tuesday Blitz"]
[Site "Chess.com"]
[Date "2020.05.05"]
[Round "7"]
[White "jonaszmb"]
[Black "farzadbfd"]
[Result "1-0"]
[WhiteElo "2515"]
[BlackElo "2643"]
[TimeControl "180+1"]
[EndTime "11:18:13 PDT"]
[Termination "jonaszmb won by resignation"]

1. d4 Nf6 2. c4 e6 3. Nf3 b6 4. Bf4 Bb7 5. e3 d5 6. Nc3 Bd6 7. Ne5 O-O 8. cxd5 Nxd5 9. Nxd5 Bxd5 10. Bd3 Bb4+ 11. Kf1 Bd6 12. Qh5 g6 13. Qh6 Nd7 14.
Bg5 Be7 15. Bxe7 Qxe7 16. Nxd7 Qxd7 17. h4 c5 18. h5 cxd4 19. exd4 Rad8 20. Rh4 Qe7 21.
hxg6 fxg6 22. Bxg6 Rf6 23. Bxh7+ Kf7 24. Qh5+ Kf8 25.
Bg6 Qg7 26. Qh8+ Qg8 27. Qxf6+ 1-0

[Event "*** Titled Tuesday Blitz"]
[Site "Chess.com"]
[Date "2020.05.05"]
[Round "7"]
[White "GM_DarwinLaylo"]
[Black "GMJustin"]
[Result "1-0"]
[WhiteElo "2532"]
[BlackElo "2374"]
[TimeControl "180+1"]
[EndTime "11:18:13 PDT"]
[Termination "GM_DarwinLaylo won on time"]

1. c4 e5 2. Nc3 Bb4 3. g3 Bxc3 4.
bxc3 d6 5. Bg2 Ne7 6. d3 O-O 7. Nf3 c5 8. O-O Nbc6 9. a4 Bf5 10. Ne1 Qd7 11. Nc2 Bh3 12. Ne3 Bxg2 13. Kxg2 f5 14. Nd5 Nxd5 15. cxd5 Ne7 16. c4 f4 17. e4 f3+ 18.
Kh1 h5 19. Rg1 Qg4 20. Qf1 Kf7 21. h4 Ng6 22. Kh2 Kg8 23. Qh3 Ne7 24. Bg5 Nc8 25. a5 Rf7 26. Rgb1 Kf8 27. Rb3 Rb8 28. Rab1 Rc7 29.
Qxg4 hxg4 30. Kg1 Rd7 31. Kf1 Ke8 32. Ke1 b6 33. Kd2 Rdb7 34. h5 Kd7 35. a6 Rc7 36. Rh1 1-0

[Event "*** Titled Tuesday Blitz"]
[Site "Chess.com"]
[Date "2020.05.05"]
[Round "7"]
[White "MartinCerveny"]
[Black "rasmussvane"]
[Result "0-1"]
[WhiteElo "2591"]
[BlackElo "2862"]
[TimeControl "180+1"]
[EndTime "11:18:14 PDT"]
[Termination "rasmussvane won by resignation"]

1. d4 d5 2. c4 e6 3. Nc3 a6 4. cxd5 exd5 5. Nf3 Nf6 6. Bg5 Be6 7. e3 Nbd7 8. Bd3 Bd6 9. O-O c6 10. Re1 Qc7 11. Bh4 O-O 12. Bg3 Bg4 13. Rc1 Rfe8 14. Be2 h6 15. Qb3 Rab8 16. a4 Bxg3 17. hxg3 Qd6 18.
a5 Re7 19. Na4 Ne4 20. Nb6 Bxf3 21. Bxf3 Nxb6 22. Qxb6 Nd2 23. Qc5 Qf6 24. Rc2 Nxf3+ 25. gxf3 Rbe8 26. Kg2 h5 27. Rh1 g6 28. Qc3 Kg7 29. Rcc1 Rh8 30. Rh2 Rhe8 31. b4 Re6 32.
Rch1 Qf5 33. Rh4 Rf6 34. Rf4 Qg5 35. Rxf6 Qxf6 36. f4 Qf5 37. Rd1 Qe4+ 38. Kg1 h4 39. gxh4 Rh8 40. Qd3 Qf3 41. e4 Qg4+ 42. Kf1 Rxh4 43.
f3 Qg3 44. Qe3 Rh1+ 45. Ke2 Qg2+ 0-1

[Event "*** Titled Tuesday Blitz"]
[Site "Chess.com"]
[Date "2020.05.05"]
[Round "7"]
[White "Anuar_Is"]
[Black "bazar-wokzal"]
[Result "1-0"]
[WhiteElo "2764"]
[BlackElo "2534"]
[TimeControl "180+1"]
[EndTime "11:18:14 PDT"]
[Termination "Anuar_Is won by resignation"]

1. e4 Nc6 2. d4 d5 3. e5 h5 4.
c3 Bg4 5. Qb3 Na5 6. Qa4+ c6 7.
Bd3 b5 8. Qc2 Nc4 9. a4 a6 10.
b3 Nb6 11. Nd2 Nh6 12. h3 Bd7 13. Ne2 g6 14. f4 Bf5 15. Nf3 Qd7 16. axb5 axb5 17.
Rxa8+ Nxa8 18. O-O Bg7 19. Bxf5 Nxf5 20. Ba3 O-O 21.
Kf2 h4 22. g4 hxg3+ 23. Nxg3 Nxg3 24. Kxg3 Nc7 25. f5 Ra8 26. fxg6 f6 27. Bc1 fxe5 28. Nxe5 Bxe5+ 29. dxe5 Qe6 30. Qf5 Qxf5 31. Rxf5 Ra1 32.
Be3 Rb1 33. b4 d4 34. Bxd4 Ne6 35. h4 Nxd4 36. cxd4 Rg1+ 37. Kf4 Rxg6 38. Rg5 Kg7 39. h5 1-0

[Event "*** Titled Tuesday Blitz"]
[Site "Chess.com"]
[Date "2020.05.05"]
[Round "7"]
[White "Mesa_1"]
[Black "ChessQueen"]
[Result "1-0"]
[WhiteElo "2462"]
[BlackElo "2666"]
[TimeControl "180+1"]
[EndTime "11:18:15 PDT"]
[Termination "Mesa_1 won by resignation"]

1. d4 Nf6 2. c4 e6 3. Nc3 Bb4 4. Bd2 Nc6 5. Nf3 Bxc3 6. Bxc3 Ne4 7. Rc1 Nxc3 8. Rxc3 O-O 9. d5 exd5 10. cxd5 Ne7 11. e4 d6 12. Be2 Bg4 13. Nd4 Bd7 14.
O-O Ng6 15. Qb3 b6 16. Rfc1 Re8 17. Bf3 Qf6 18. Qd1 Ne5 19. Rxc7 g6 20. Be2 h5 21. Qd2 Bc8 22. b4 h4 23. f4 Ng4 24. Bf3 Kg7 25. h3 Nh6 26. Nc6 a5 27. e5 Qf5 28.
Nd4 Qd7 29. Rxd7 Bxd7 30. Rc7 1-0

[Event "*** Titled Tuesday Blitz"]
[Site "Chess.com"]
[Date "2020.05.05"]
[Round "7"]
[White "Boliviar"]
[Black "Poghosyan_Suren"]
[Result "0-1"]
[WhiteElo "2328"]
[BlackElo "2482"]
[TimeControl "180+1"]
[EndTime "11:18:15 PDT"]
[Termination "Poghosyan_Suren won by resignation"]

1. e4 e6 2. d4 d5 3. exd5 exd5 4. Bd3 Nc6 5. c3 Bd6 6. Be3 Nge7 7. Qc2 Bg4 8. Nd2 Qd7 9. h3 Bf5 10. Ngf3 f6 11.
Nh4 Be6 12. O-O-O O-O-O 13. Bxh7 g5 14. Nhf3 Nf5 15. Bxf5 Bxf5 16. Qa4 Kb8 17. b4 Nxb4 18. Qxd7 Nd3+ 19. Kb1 Rxd7 20. Ka1 Ba3 21. Rb1 Rd6 22. Rb3 Ra6 23. Nb1 Bd6 24. Ne1 Re8 25. Nxd3 Bxd3 26. h4 gxh4 27. Rxh4 f5 28. g3 b6 29. Nd2 Kb7 30. Rh6 Bxg3 31. Rb2 f4 32. fxg3 fxe3 33. Nf3 Rf8 0-1

[Event "*** Titled Tuesday Blitz"]
[Site "Chess.com"]
[Date "2020.05.05"]
[Round "7"]
[White "Misticpikachu"]
[Black "m-garcett"]
[Result "1-0"]
[WhiteElo "2302"]
[BlackElo "2044"]
[TimeControl "180+1"]
[EndTime "11:18:15 PDT"]
[Termination "Misticpikachu won on time"]

1. c4 Nf6 2. Nc3 g6 3. e4 d6 4. d4 Bg7 5. h3 O-O 6. Be3 c5 7. Nf3 e6 8. Be2 Na6 9. O-O cxd4 10.
Nxd4 Nc5 11. f3 a5 12. Ndb5 Nh5 13. Qxd6 Qxd6 14. Nxd6 Na6 15. Rfd1 Nb4 16. Bc5 Nc6 17. Ndb5 Bh6 18. Bxf8 Be3+ 19. Kf1 Ng3+ 20. Ke1 Kxf8 21. Rd3 Bf4 22. Nd1 Nb4 23. Rc3 Nh5 24. Nf2 Bg3 25.
a3 Nc6 26. Rd1 Nf4 27. Kf1 Ne5 28. Nh1 1-0